 Dungeon Crawl Stone Soup version 0.31-a0-840-g6d2ecbb638 (webtiles) character file.

Game seed: 7793866909878353457

6 Ethylacetat the Ruffian (level 1, -1/6 HPs)
             Began as a Vine Stalker Shapeshifter on Sept 27, 2023.
             Slain by a kobold
             ... wielding a +0 short sword
              (3 damage)
             ... on level 1 of the Dungeon.
             The game lasted 00:00:37 (52 turns).

Ethylacetat the Ruffian (Vine Stalker Shapeshifter)   Turns: 52, Time: 00:00:37

Health: -1/6       AC:  2    Str: 16    XL:     1   Next: 90%
Magic:  0/2        EV: 12    Int: 10    God:
Gold:   0          SH:  0    Dex: 13    Spells: 0/0 levels left

rFire   . .          .
                       - Unarmed
rCold   . . .        (shield currently unavailable)
rNeg    . . .        a - +0 animal skin
rPois   .            (no helmet)
rElec   .            (no cloak)
rCorr   .            (no gloves)
SInv    .            (no boots)
Will    .....        (no amulet)
Stlth   +            (no ring)
HPRegen 1.01/turn    (no ring)
MPRegen 0.08/turn

%: guardian spirit
@: lethally poisoned (-1 -> -2), flux-form, glowing
A: glow, contaminating, reduced hp, fangs 2, regeneration 1, magic shield,
antimagic bite, no potion heal 2
a: Begin Untransformation


You were on level 1 of the Dungeon.
You were something dangerously unstable.
You visited 1 branch of the dungeon, and saw 1 of its levels.

Inventory:

Armour
 a - a +0 animal skin (worn)
Talismans
 c - a beast talisman
 d - a flux talisman (active)
Potions
 b - a potion of lignification


   Skills:
 + Level 1.1 Fighting
 + Level 1.7 Dodging
 + Level 3.1 Unarmed Combat
 + Level 3.0 Shapeshifting


You couldn't memorise any spells.
You didn't know any spells.
Your spell library was empty.

Dungeon Overview and Level Annotations

Branches:
Dungeon (1/15)

Altars:


Innate Abilities, Weirdness & Mutations

You are something dangerously unstable.
You glow with magical radiation, making you easy to see and hit.
Foes you strike become dangerously contaminated with magical radiation.
Your maximum health is decreased, since you lack skill for your form.
You are incapable of wielding weapons or throwing items.
You have extremely sharp teeth.
Your natural rate of healing is unusually fast.
When hurt, damage is shared between your health and your magic reserves.
Your bite disrupts and absorbs the magic of your enemies.
Potions cannot restore your health.


Message History

A kobold comes into view. It is wielding a +0 short sword.
There are monsters nearby!
You are too injured to fight recklessly!
You are too injured to fight recklessly!
You are too injured to fight recklessly!
You are too injured to fight recklessly!
There are monsters nearby!
You are too injured to fight recklessly!
You are too injured to fight recklessly!
You are too injured to fight recklessly!
You are too injured to fight recklessly!
The kobold shouts!
You hit the hobgoblin.
The hobgoblin glows dangerously bright.
You bite the hobgoblin. You drain its power.
The hobgoblin is almost dead.
A kobold comes into view. It is wielding a +1 dagger of venom.
The hobgoblin hits you but does no damage.
The kobold shouts!
You hit the hobgoblin but do no damage.
The hobgoblin shudders as magic cascades through it!
You kill the hobgoblin!
You hear a shout!
Found 6 gold pieces.
You see here a hobgoblin corpse.
You hit the goblin.
You kill the goblin!
The kobold hits you with a +0 short sword.
Ouch! That really hurt!
Things that are here:
a +0 club; a goblin corpse You barely miss the kobold.
Your bite misses the kobold.
The kobold hits you with a +1 dagger of venom.
You are poisoned.
A kobold comes into view. It is wielding a +0 club.
The kobold closely misses you.
You barely miss the kobold. Your bite misses the kobold.
You feel sick. The kobold barely misses you.
The kobold hits you with a +0 short sword.
Ouch! That really hurt!
You die...

....... #. ....K..##.
##. .......... ...
.........########.##
..............#....#
........# #........# ##
$.....KK# #........####'
.......p# #..#.....##..#
......?†###......<.'.###
........).....#...>###
.......###.....#######
#.....# #...#.........
###### #..#..^.#....>.
#.##..#†#......
#.#..##........
..#..##..[.....


You could see 3 kobolds.

Vanquished Creatures
  A ball python (D:1)
  2 goblins (D:1)
  A hobgoblin (D:1)
  A rat (D:1)
5 creatures vanquished.

Notes
Turn   | Place    | Note
-------+----------+-------------------------------------------
     0 | D:1      | Ethylacetat the Vine Stalker Shapeshifter began the quest
                  | for the Orb.
     0 | D:1      | Reached XP level 1. HP: 9/9 MP: 2/2
    36 | D:1      | Reached skill level 1 in Fighting
    52 | D:1      | Slain by a kobold

Illustrated notes

Levels and vault maps discovered:
D:1:      dpeg_arrival_connections, layout_rooms

Skill      XL: |  1 |
---------------+----+-----
Fighting       | 1 |  1.1
Dodging        | |  1.7
Unarmed Combat | |  3.1
Shapeshifting  | |  3.0

Action                     || total
---------------------------++-------
  Melee: Unarmed           ||    14
         Bite              ||     2
 Armour: Animal skin       ||     7
  Dodge: Dodged            ||     7
   Form: Flux              ||     1

Table legend: (Time is in decaauts)
 A = Elapsed time spent in this place.
 B = Non-inter-level travel time spent in this place.
 C = Inter-level travel time spent in this place.
 D = Time resting spent in this place.
 E = Time spent auto-exploring this place.
 F = Levels seen in this place.
 G = Mean time per level.
                   A        B        C        D        E       F      G
               +--------+--------+--------+--------+--------+-----+--------+
         Total |     51 |     51 |      0 |      0 |     20 |   1 |   51.0 |
       Dungeon |     51 |     51 |      0 |      0 |     20 |   1 |   51.0 |
               +--------+--------+--------+--------+--------+-----+--------+

Top non-repeatable levels by time:
     D:1: 51 daAuts
